 Dungeon Crawl Stone Soup version 0.27-a0-931-g5a74e75d8f (webtiles) character file.

Game seed: 16962119138971052513

18 Alarkh the Insei (level 2, 7/23 HPs)
             Began as a Demonspawn Gladiator on Apr 10, 2021.
             Got out of the dungeon alive.
             The game lasted 00:00:27 (204 turns).

Alarkh the Insei (Demonspawn Gladiator)              Turns: 204, Time: 00:00:28

Health: 7/23       AC:  3    Str: 14    XL:     2   Next: 48%
Magic:  2/2        EV: 12    Int:  9    God:
Gold:   0          SH:  0    Dex: 14    Spells: 1/1 levels left

rFire    . . .     SeeInvis .     - Unarmed
rCold    . . .     Faith    .   (no shield)
rNeg     . . .     Spirit   .   a - +0 leather armour
rPois    .         Reflect  .   (helmet restricted)
rElec    .         Harm     .   (no cloak)
rCorr    .         Rampage  .   (no gloves)
Will     .....                  (no boots)
Stlth    +.........             (no amulet)
HPRegen  0.07/turn              (no ring)
MPRegen  0.08/turn              (no ring)

@: no status effects
A: antennae 1
a: no special abilities


You escaped.
You visited 1 branch of the dungeon, and saw 1 of its levels.

Inventory:

Armour
 a - a +0 leather armour (worn)
 b - a +0 helmet


   Skills:
 + Level 2.4 Fighting
 - Level 1.7 Throwing
 - Level 2.6 Dodging
 * Level 3.3 Unarmed Combat


You had one spell level left.
You didn't know any spells.
Your spell library was empty.

Dungeon Overview and Level Annotations

Branches:
Dungeon (1/15)

Altars:


Innate Abilities, Weirdness & Mutations

You have a pair of small antennae on your head.


Message History

The bat closely misses you. The bat misses you. The gnoll misses you.
You hit the gnoll.
You kill the gnoll!
The bat hits you but does no damage. x2
You have reached level 2!
Your demonic ancestry asserts itself...
A pair of antennae grows on your head!
Your +0 helmet falls away!
The bat hits you but does no damage.
Things that are here:
a +0 spear; 2 throwing nets; a gnoll corpse The bat misses you.
The bat hits you but does no damage. The bat closely misses you.
The bat barely misses you.
You barely miss the bat. The bat hits you but does no damage. x2
The bat misses you. The bat hits you but does no damage.
You barely miss the bat. The bat hits you.
* * * LOW HITPOINT WARNING * * *
The bat hits you but does no damage.
You miss the bat.
The bat barely misses you. x2; The bat closely misses you.
You hit the bat but do no damage. The bat barely misses you. x2
You barely miss the bat. The bat hits you but does no damage. The bat hits you.
* * * LOW HITPOINT WARNING * * *
The bat hits you but does no damage. The bat hits you.
* * * LOW HITPOINT WARNING * * *
You hit the bat.
You kill the bat!
The bat barely misses you.
You hit the bat.
The bat is heavily wounded.
The bat closely misses you. The bat misses you.
You completely miss the bat.
The bat is heavily wounded.
The bat closely misses you. The bat closely misses you.
You hit the bat.
You kill the bat!
There is a staircase leading out of the dungeon here.
Are you sure you want to leave the Dungeon?
This will make you lose the game!
You have escaped!

#.#...#.#.....)........
#.#####.#####.#...........##
...#......>......#...........#
.#.###.#######.###.#'#'#.(...#
.... ... #.#...#.#.#.....#
...# #.###.###.#.#.#........
##.# #.#..>..#.#.#.#########
##.# ### #.#.###.#.#...# ##.#
#.# #.#.#.#@#.#####
##.###.###.###.###.#
...................#
#.#########.#..#####
......................
#.#################### #.# #.#
#..


There were no monsters in sight!

Vanquished Creatures
  A gnoll (D:1)
  2 kobolds (D:1)
  A ball python (D:1)
  3 bats (D:1)
  A frilled lizard (D:1)
  A rat (D:1)
9 creatures vanquished.

Notes
Turn   | Place    | Note
-------+----------+-------------------------------------------
     0 | D:1      | Alarkh the Demonspawn Gladiator began the quest for the
                  | Orb.
     0 | D:1      | Reached XP level 1. HP: 16/16 MP: 1/1
    59 | D:1      | Reached skill level 3 in Unarmed Combat
   125 | D:1      | Gained mutation: You have a pair of small antennae on your
                  | head. [demonic ancestry]
   125 | D:1      | Reached XP level 2. HP: 4/23 MP: 2/2
   204 | D:$      | Got out of the dungeon alive.

Illustrated notes

Levels and vault maps discovered:
D:1:      evilmike_arrival_hilbert_curve, layout_basic,
          hellmonk_ecumenical_altar_zigzags, minmay_misc_feat_roman

Skill      XL: |  1 |
---------------+----+-----
Unarmed Combat | 3 |  3.3
Fighting       | |  2.4
Throwing       | |  1.7
Dodging        | |  2.6

Action                   || total
-------------------------++-------
Melee: Unarmed           ||    30
       Punch             ||     1
Throw: Throwing net      ||     3
 Stab: Held in net/web   ||     2
       Sleeping          ||     1
Armor: Leather armour    ||    21
Dodge: Dodged            ||    30

Table legend: (Time is in decaauts)
 A = Elapsed time spent in this place.
 B = Non-inter-level travel time spent in this place.
 C = Inter-level travel time spent in this place.
 D = Time resting spent in this place.
 E = Time spent auto-exploring this place.
 F = Levels seen in this place.
 G = Mean time per level.
                   A        B        C        D        E       F      G
               +--------+--------+--------+--------+--------+-----+--------+
         Total |    201 |    137 |     64 |      0 |     86 |   1 |  201.0 |
       Dungeon |    201 |    137 |     64 |      0 |     86 |   1 |  201.0 |
               +--------+--------+--------+--------+--------+-----+--------+

Top non-repeatable levels by time:
     D:1: 201 daAuts
